[Event "WYCC 2018 G14"]
[Site "Halkidiki"]
[Date "2018.10.21"]
[Round "2"]
[White "Ning, Kaiyu"]
[Black "Randrianarimanana, Alicia"]
[Result "1-0"]
[ECO "E66"]
[WhiteElo "2217"]
[BlackElo "1947"]
[Annotator "NA"]
[PlyCount "87"]
[EventDate "2018.10.20"]
[EventType "swiss"]
[EventCountry "GRE"]
[SourceTitle "playchess.com"]
[Source "ChessBase"]
[SourceQuality "1"]
[TimeControl "40/5400+30:1800+30"]

1. d4 Nf6 2. c4 g6 3. Nf3 Bg7 4. g3 O-O 5. Bg2 d6 6. O-O c5 7. Nc3 Nc6 8. d5 Na5 9. Qd3 a6 {LiveBook: 47 Games} 10. a4 e6 {E66: King's Indian: Fianchetto: 6...c5 7 0-0 Nc6 8 d5} 11. Bf4 $146 ({Predecessor:} 11. Bg5 h6 12. Bxf6 Qxf6 13. Rab1 e5 14. Nd2 Qd8 15. e4 b6 16. Kh1 Ra7 17. b4 Nb7 18. Qe3 {1-0 (51) Williams,J (2333)-Hua,L (2333) Saint Louis 2017}) 11... e5 12. Bg5 Qc7 13. Nd2 Nd7 (13... h6 $11 14. Bxf6 Bxf6) 14. e4 f5 15. f3 f4 16. g4 b6 17. Bh4 Bf6 18. Be1 Qd8 19. Nd1 Bh4 20. Nf2 Nb7 21. Nb1 a5 22. Nc3 Nb8 23. Nb5 Na6 24. Qc3 Bxf2+ 25. Kxf2 Qh4+ 26. Ke2 Qxh2 27. Bf2 Qh6 28. Rh1 Qg7 29. g5 Qe7 30. Bh3 Bxh3 31. Rxh3 Qxg5 32. Rg1 Qe7 33. Bh4 Qd7 34. Rg4 $15 ({Better is} 34. Rh2 $11) 34... Rae8 35. Qe1 h5 36. Rxg6+ Kh7 37. Qg1 Rg8 38. Bf6 Rxg6 39. Rxh5+ Rh6 40. Rxh6+ Kxh6 41. Qg5+ Kh7 42. Qh5+ Kg8 43. Qh8+ Kf7 44. Qg7# 1-0

[Event "WYCC 2018 G14"]
[Site "Halkidiki"]
[Date "2018.10.21"]
[Round "2"]
[White "Divya Deshmukh"]
[Black "Zhu, Evelyn"]
[Result "1-0"]
[ECO "B42"]
[WhiteElo "2180"]
[BlackElo "1926"]
[Annotator "NA"]
[PlyCount "57"]
[EventDate "2018.10.20"]
[EventType "swiss"]
[EventCountry "GRE"]
[SourceTitle "playchess.com"]
[Source "ChessBase"]
[SourceQuality "1"]
[TimeControl "40/5400+30:1800+30"]

1. e4 c5 2. Nf3 e6 3. d4 cxd4 4. Nxd4 a6 5. Bd3 Bc5 6. Nb3 Be7 7. Qg4 g6 8. O-O {[%emt 0:01:31] B42: Sizilianisch (Paulsen-Variante)} d6 9. Qe2 Nc6 10. c4 Nf6 11. Bh6 Ne5 12. Nc3 Nfg4 13. Bg7 Rg8 14. Bxe5 Nxe5 15. f4 Nxd3 16. Qxd3 Bd7 17. Kh1 Qc7 18. Rac1 Rc8 19. Nd1 $146 ({Vorgänger:} 19. Nd2 Qb6 20. b3 Qa5 21. Rce1 Bc6 22. Re2 f5 {½-½ (22) Guliyev,N (2453)-Svidler,P (2747) France 2004}) 19... b6 20. Ne3 Qb7 21. Nd4 h5 22. b4 Rc7 23. Rc2 Qa8 $16 (23... h4 $142) 24. f5 Bg5 25. fxe6 fxe6 26. Rcf2 Bc8 27. b5 Bxe3 28. Qxe3 Rxc4 29. Qh6 1-0

[Event "WYCC 2018 G14"]
[Site "Halkidiki"]
[Date "2018.10.21"]
[Round "2"]
[White "Allahverdiyeva, Ayan"]
[Black "Nguyen, Thien Ngan"]
[Result "1/2-1/2"]
[ECO "C88"]
[WhiteElo "2116"]
[BlackElo "1888"]
[Annotator "NA"]
[PlyCount "86"]
[EventDate "2018.10.20"]
[EventType "swiss"]
[EventCountry "GRE"]
[SourceTitle "playchess.com"]
[Source "ChessBase"]
[SourceQuality "1"]
[TimeControl "40/5400+30:1800+30"]

1. e4 e5 2. Nf3 Nc6 3. Bb5 a6 4. Ba4 Nf6 5. O-O Be7 6. Re1 b5 7. Bb3 O-O 8. a4 b4 9. d3 d6 10. h3 Na5 {[%emt 0:03:32] C88: Closed Ruy Lopez: Anti-Marshall Systems} (10... Be6 11. Bxe6 fxe6 12. Nbd2 Qe8 13. c3 Rb8 14. d4 bxc3 15. bxc3 exd4 16. cxd4 Nb4 17. e5 Nfd5 18. Ne4 {½-½ (70) Sjugirov,S (2667)-Sasikiran,K (2637) Moscow 2016}) 11. Nbd2 Nd7 $146 ({Predecessor:} 11... Nxb3 12. Nxb3 c5 13. Nbd2 Nd7 14. c3 a5 15. d4 cxd4 16. cxd4 Qc7 17. b3 Ba6 18. Bb2 {1-0 (44) Matinian,N (2354)-Basencyan,M (2127) Jermuk 2010}) 12. Ba2 Nb6 13. d4 exd4 14. Nxd4 Bf6 15. N2b3 Nxb3 16. cxb3 a5 17. Bb1 Re8 18. Bf4 Bb7 19. Bc2 Nd7 20. Kh2 Nc5 21. f3 Bxd4 22. Qxd4 Ne6 23. Qd2 Qf6 24. Be3 Qxb2 25. f4 Rad8 26. f5 Nc5 27. Rab1 Qe5+ 28. Bf4 Qc3 29. Qxc3 bxc3 30. b4 Bxe4 31. Bxe4 Nxe4 32. bxa5 Nc5 33. Rxe8+ Rxe8 34. Rb4 d5 35. Rb5 Nxa4 $11 36. Rxd5 h6 37. a6 c2 38. Rd7 Re4 39. Rxc7 Rxf4 40. Rxc2 Rxf5 41. a7 Nb6 42. Rb2 Ra5 43. Rxb6 Rxa7 1/2-1/2

[Event "WYCC 2018 G14"]
[Site "Halkidiki"]
[Date "2018.10.21"]
[Round "2"]
[White "Garifullina, Leya"]
[Black "Ehsani, Yassamin"]
[Result "1-0"]
[ECO "B42"]
[WhiteElo "2106"]
[BlackElo "1875"]
[Annotator "NA"]
[PlyCount "65"]
[EventDate "2018.10.20"]
[EventType "swiss"]
[EventCountry "GRE"]
[SourceTitle "playchess.com"]
[Source "ChessBase"]
[SourceQuality "1"]
[TimeControl "40/5400+30:1800+30"]

1. e4 c5 2. Nf3 e6 3. d4 cxd4 4. Nxd4 a6 5. Bd3 Nf6 6. O-O Qc7 7. Qe2 d6 8. c4 g6 9. Nc3 Bg7 10. Nf3 Nc6 11. Bg5 O-O 12. Rac1 Ne5 13. Nxe5 dxe5 $16 14. Be3 Nd7 15. b4 f5 16. f3 Rd8 17. Rfd1 f4 18. Bf2 Bf8 19. Qb2 b6 20. Qb3 Re8 21. Bf1 a5 22. Nb5 Qc6 23. a3 Ba6 24. Rc2 axb4 25. axb4 Nf6 26. Rcd2 Be7 27. Nd6 Red8 28. b5 Qc7 29. c5 Bxd6 30. cxd6 Qd7 31. bxa6 Rdc8 32. Bb5 Qf7 33. Bc4 1-0

[Event "WYCC 2018 G14"]
[Site "Halkidiki"]
[Date "2018.10.21"]
[Round "2"]
[White "Wen, Yili"]
[Black "Behzad Nazif, Parva"]
[Result "1-0"]
[ECO "A38"]
[WhiteElo "2083"]
[BlackElo "1859"]
[Annotator "NA"]
[PlyCount "103"]
[EventDate "2018.10.20"]
[EventType "swiss"]
[EventCountry "GRE"]
[SourceTitle "playchess.com"]
[Source "ChessBase"]
[SourceQuality "1"]
[TimeControl "40/5400+30:1800+30"]

1. Nf3 c5 2. c4 Nf6 3. Nc3 Nc6 4. g3 g6 5. Bg2 Bg7 6. d4 cxd4 7. Nxd4 O-O 8. O-O Nxd4 9. Qxd4 d6 10. Qd3 a6 11. Bd2 Rb8 12. a4 Bd7 {[%emt 0:03:36] A39: Englische Eröffnung (Symmetrische Variante)} (12... Nd7 13. Qc2 Ne5 14. b3 Bf5 15. e4 Bg4 16. f4 Nc6 17. h3 Bd7 18. Kh2 b5 19. cxb5 axb5 20. Nxb5 Bxa1 21. Rxa1 {½-½ (41) Efimenko,Z (2689)-Macieja,B (2614) Lublin 2012}) 13. h3 Bc6 14. e4 a5 {[%emt 0:04:54] [#]} 15. b3 $146 ({Vorgänger:} 15. Nd5 Nd7 16. Bc3 Nc5 17. Qc2 Bxc3 18. Nxc3 e5 19. Rfd1 Ne6 20. Ne2 Qc7 {½-½ (20) Legky,N (2525)-Savon,V (2435) Orel 1994}) 15... Nd7 16. Rab1 Nc5 17. Qe2 Qc7 18. Nd5 Bxd5 19. exd5 Rfe8 20. Rfe1 b6 21. Be3 Qd7 22. Qd2 Qc7 23. Bg5 Rb7 24. h4 Qd7 25. h5 Qf5 26. h6 Be5 27. Be3 Qd3 28. Qxd3 Nxd3 29. Re2 Nc5 30. g4 Nd3 31. Ra2 Rc8 32. Bf1 Nc5 33. Kg2 Ne4 34. Rc1 Nc5 35. Rb1 Ne4 36. Rc2 Nf6 37. Kh3 Ne4 38. Bg2 Nc5 39. f4 Bh8 40. Re2 Rcc7 41. Bf2 Nd3 42. Bg3 f5 {[%emt 0:03:18] [#]} 43. gxf5 $1 gxf5 44. Re3 Nc5 45. Bh4 Kf7 46. Bf3 Bd4 47. Re2 Nd3 48. Bh5+ Kf8 49. Rf1 Nc5 50. Rd1 Bh8 (50... Nxb3 $142 51. Rd3 Rxc4) 51. Rg2 e5 52. Rdg1 $18 1-0

[Event "WYCC 2018 G14"]
[Site "Halkidiki"]
[Date "2018.10.21"]
[Round "2"]
[White "Dylag, Emilia"]
[Black "Kouta, Antonia"]
[Result "1-0"]
[ECO "A05"]
[WhiteElo "2059"]
[BlackElo "1812"]
[Annotator "NA"]
[PlyCount "49"]
[EventDate "2018.10.20"]
[EventType "swiss"]
[EventCountry "GRE"]
[SourceTitle "playchess.com"]
[Source "ChessBase"]
[SourceQuality "1"]
[TimeControl "40/5400+30:1800+30"]

1. Nf3 Nf6 2. g3 b5 3. Bg2 Bb7 4. d3 e6 5. O-O Be7 6. e4 d6 {[%emt 0:10:14] LiveBook: 155 Games} 7. Nc3 b4 8. Ne2 O-O 9. h3 Nbd7 10. g4 c5 11. Ng3 Qc7 12. Re1 Ne5 13. Nh2 $15 Nc6 14. f4 e5 15. f5 h6 16. g5 hxg5 17. Bxg5 Nh7 18. Be3 Qd8 19. Nh5 Bg5 20. Qg4 Bf6 21. Bh6 g6 22. fxg6 Bc8 23. Qg3 fxg6 24. Qxg6+ Kh8 25. Bg7+ 1-0

[Event "WYCC 2018 G14"]
[Site "Halkidiki"]
[Date "2018.10.21"]
[Round "2"]
[White "Mehmed, Elif"]
[Black "Obada, Ema"]
[Result "1/2-1/2"]
[ECO "A08"]
[WhiteElo "2049"]
[BlackElo "1811"]
[Annotator "NA"]
[PlyCount "107"]
[EventDate "2018.10.20"]
[EventType "swiss"]
[EventCountry "GRE"]
[SourceTitle "playchess.com"]
[Source "ChessBase"]
[SourceQuality "1"]
[TimeControl "40/5400+30:1800+30"]

1. e4 e6 2. d3 d5 3. Nd2 c5 4. g3 Nc6 5. Bg2 Nf6 6. Ngf3 Be7 7. O-O O-O 8. Re1 Qc7 9. e5 Nd7 10. Qe2 b5 11. h4 b4 12. Nf1 a5 13. Bf4 Ba6 14. Ne3 {[%emt 0:05:10] LiveBook: 13 Games} c4 {[%emt 0:06:31] C00: French: Unusual White 2nd moves} 15. dxc4 ({Better is} 15. Nxd5 exd5 16. e6) 15... dxc4 $146 ({Predecessor:} 15... Nb6 16. Ng5 Nxc4 17. Nxd5 exd5 18. e6 Nd6 19. exf7+ Kh8 20. Qe6 Rad8 21. Qxd5 Bxg5 22. hxg5 {0-1 (32) Isakov,D (2110)-Peregudov,N (2415) Omsk/Perm 1998}) 16. Ng5 Bxg5 17. hxg5 Bb7 18. Nxc4 Nd4 19. Qd3 Bxg2 20. Kxg2 Qc6+ 21. Kh3 Nf5 22. Rad1 Nc5 23. Qe2 Rad8 24. Nxa5 Qa8 25. Nb3 Na4 26. Bc1 Nb6 27. a3 bxa3 28. bxa3 Nd5 29. Bb2 Rc8 30. Rd3 Rc4 31. Nd4 Nxd4 32. Bxd4 Rfc8 33. Rc1 Qa4 34. Qd1 g6 35. Kg2 Qa8 36. Kg1 Ra4 37. Bb2 Rcc4 38. Qf3 Qd8 39. Qe3 Qb8 40. Rb3 Qd8 41. Qd2 Qc7 42. Rb5 Ra6 43. Rb3 Rac6 44. Bd4 Rxc2 45. Rxc2 Rxc2 46. Qd3 Rc1+ 47. Kh2 Kg7 48. Qf3 Rc4 49. Bb2 Qa7 50. Rd3 Qb7 $11 51. Rb3 Qa7 52. Rd3 Qb7 53. Rb3 Qa7 54. Rd3 1/2-1/2

[Event "WYCC 2018 G14"]
[Site "Halkidiki"]
[Date "2018.10.21"]
[Round "2"]
[White "Dhyana Patel"]
[Black "Bardorz, Jana"]
[Result "1-0"]
[ECO "C58"]
[WhiteElo "2002"]
[BlackElo "1810"]
[Annotator "NA"]
[PlyCount "129"]
[EventDate "2018.10.20"]
[EventType "swiss"]
[EventCountry "GRE"]
[SourceTitle "playchess.com"]
[Source "ChessBase"]
[SourceQuality "1"]
[TimeControl "40/5400+30:1800+30"]

1. e4 e5 2. Nf3 Nc6 3. Bc4 Nf6 4. Ng5 d5 5. exd5 Na5 6. Bb5+ c6 7. dxc6 bxc6 8. Bd3 Nd5 {[%emt 0:02:24] C58: Two Knights: 4 Ng5 d5 5 exd5 Na5 sidelines} 9. Nf3 Bd6 10. O-O {[%emt 0:00:29] LiveBook: 113 Games} O-O 11. Re1 Re8 (11... f5 12. Nxe5 Qf6 13. Nf3 g5 14. g3 f4 15. Nc3 fxg3 16. hxg3 Nxc3 17. dxc3 {½-½ (52) Kovalev,V (2639)-Demchenko,A (2660) Riadh 2017}) 12. Nc3 Nf4 13. Bf1 Bg4 $146 ({Predecessor:} 13... f5 14. d4 e4 15. Bxf4 Bxf4 16. b4 {1-0 (45) Ameir,M (2431)-Abdel Elah,A (2128) Egypt 2016}) 14. Ne4 Bc7 15. b4 Nb7 16. h3 Bh5 17. Ng3 Bg6 18. Bb2 e4 $1 19. Nd4 Qd6 20. Qg4 h5 21. Qh4 Bd8 22. Ngf5 Bxh4 23. Nxd6 Nxd6 24. g3 Bg5 25. gxf4 Bxf4 26. Rad1 Be5 27. Ba1 Rac8 28. Nb3 Bxa1 29. Rxa1 Re5 30. Re3 Nf5 31. Rc3 Nh4 32. Bg2 f5 33. Re1 f4 34. Rc5 Rce8 35. Kh2 Rxc5 36. Nxc5 Re5 37. Bh1 f3 38. Kg3 Nf5+ 39. Kf4 Rd5 40. Rg1 Kh7 41. Nxe4 Nd4 42. c4 Ne2+ 43. Ke3 Re5 44. Rxg6 Kxg6 45. Bxf3 Nc1 46. d4 Re7 47. a3 Kf5 48. Kd2 Rxe4 ({Black should try} 48... Kf4 49. Bg2 Rxe4) 49. Bxe4+ Kxe4 50. Kxc1 Kxd4 51. c5 g5 $2 (51... h4 $16 {is tougher.}) 52. f3 a6 53. Kd2 h4 {[%emt 0:02:22] [#]} 54. Kc2 $1 Ke3 {[%emt 0:03:59] [#]} 55. a4 $1 Kxf3 56. b5 axb5 57. axb5 cxb5 58. c6 Kg3 59. c7 Kxh3 60. c8=Q+ g4 61. Kd2 Kg3 62. Ke2 h3 63. Kf1 h2 64. Qc3+ Kh4 $18 65. Kg2 1-0

[Event "WYCC 2018 G14"]
[Site "Halkidiki"]
[Date "2018.10.21"]
[Round "2"]
[White "Kamalidenova, Meruert"]
[Black "Zeng, Sheena"]
[Result "1-0"]
[ECO "A45"]
[WhiteElo "1999"]
[BlackElo "1807"]
[Annotator "NA"]
[PlyCount "69"]
[EventDate "2018.10.20"]
[EventType "swiss"]
[EventCountry "GRE"]
[SourceTitle "playchess.com"]
[Source "ChessBase"]
[SourceQuality "1"]
[TimeControl "40/5400+30:1800+30"]

1. d4 {[%emt 0:00:00] Marchand,A/Primel,D} Nf6 2. g3 d5 3. Nf3 e6 4. Bg2 b5 5. O-O Bb7 6. a4 {[%emt 0:01:12] A46: 1 d4 Nf6 2 Nf3 e6: Torre, London and Colle Systems} (6. Bg5 Nbd7 7. e4 dxe4 8. Nfd2 h6 9. Bxf6 Nxf6 10. Qe2 a6 11. Nxe4 Bxe4 12. Bxe4 Nxe4 13. Qxe4 Qd5 {½-½ (62) Aronian,L (2784)-Dominguez Perez,L (2732) Skopje 2015}) 6... a6 7. Qd3 c6 $146 ({Predecessor:} 7... b4 8. c4 bxc3 9. bxc3 c5 10. Nbd2 Nbd7 11. Ba3 c4 12. Qc2 Bxa3 13. Rxa3 Qc7 {½-½ (89) Nikolic,P (2596)-Motylev,A (2677) Aix les Bains 2011 CBM 142 Extra [Marchand,A/Primel,D]}) 8. b3 b4 9. a5 Nbd7 10. c4 bxc3 11. Qxc3 c5 12. Be3 Rc8 13. Qb2 Bc6 14. Rc1 Bb5 15. Nc3 Rb8 16. Nxb5 Rxb5 17. dxc5 Bxc5 18. Bxc5 Rxc5 19. Rxc5 Nxc5 20. b4 Ncd7 21. b5 axb5 22. a6 O-O 23. a7 $18 ({Much less strong is} 23. Qxb5 $6 Qc7) 23... Nb6 24. Qxb5 Nfd7 25. Nd4 Qf6 26. e3 Ra8 27. Qc6 Qd8 28. Bf1 Ne5 29. Qb7 Ned7 30. Nc6 Qf6 31. Rb1 h5 32. Rxb6 Nxb6 33. Qxb6 e5 34. Qb8+ Rxb8 35. axb8=Q+ 1-0

[Event "WYCC 2018 G14"]
[Site "Halkidiki"]
[Date "2018.10.21"]
[Round "2"]
[White "Mrudul Dehankar"]
[Black "Zeliantsova, Kseniya"]
[Result "1-0"]
[ECO "A45"]
[WhiteElo "1996"]
[BlackElo "1804"]
[Annotator "NA"]
[PlyCount "91"]
[EventDate "2018.10.20"]
[EventType "swiss"]
[EventCountry "GRE"]
[SourceTitle "playchess.com"]
[Source "ChessBase"]
[SourceQuality "1"]
[TimeControl "40/5400+30:1800+30"]

1. d4 Nf6 2. Bf4 d5 3. e3 c5 4. c3 Nc6 5. Nd2 Bf5 6. Ngf3 e6 7. Bb5 {[%emt 0:15:06] D00: 1 d4 d5: Unusual lines} (7. Nh4 Be4 8. Qb3 Qc8 9. Nhf3 Bf5 10. Be2 Be7 11. O-O O-O 12. h3 h6 13. Rfe1 c4 14. Qd1 b5 {1-0 (66) Grachev,B (2626)-Najer,E (2663) Moscow 2018}) 7... Qb6 8. Qa4 Nd7 9. O-O a6 10. c4 $146 ({Predecessor:} 10. Bxc6 Qxc6 11. Qxc6 bxc6 12. Rfe1 Be7 13. Nb3 Rc8 14. h3 f6 15. dxc5 {0-1 (30) Zach,A (2321)-Krivoborodov,E (2511) Germany 2015}) 10... Bd3 11. Rfe1 Be7 12. e4 dxe4 13. Nxe4 Bxe4 14. Rxe4 cxd4 15. Bxc6 bxc6 16. Rxd4 Nc5 17. Qc2 O-O 18. Rad1 Rfd8 19. Be3 Rdb8 20. b3 a5 21. Ne5 Bf6 22. Nd7 Nxd7 23. Rxd7 Qb4 24. g4 h6 25. Qe4 a4 26. Qf3 Rf8 27. Bxh6 axb3 28. axb3 c5 29. Bf4 Ra2 30. Bd6 Rd8 31. Rxd8+ Bxd8 32. Bxc5 Qa5 33. Kg2 Bf6 34. Be3 Qc7 35. g5 Be5 36. c5 Rc2 37. Qe4 Rb2 38. Qa8+ Kh7 39. Rd8 Kg6 40. Qe4+ f5 41. gxf6+ Kxf6 42. Qh4+ Kf7 43. Qh5+ Ke7 44. Re8+ Kd7 45. Qf7+ Kc6 46. Qxe6+ {[%emt 0:00:51] Kd5} 1-0

[Event "WYCC 2018 G14"]
[Site "Halkidiki"]
[Date "2018.10.21"]
[Round "2"]
[White "Matus, Nastassja"]
[Black "Yellamraju, Aparna"]
[Result "1-0"]
[ECO "E06"]
[WhiteElo "1983"]
[BlackElo "1518"]
[Annotator "NA"]
[PlyCount "129"]
[EventDate "2018.10.20"]
[EventType "swiss"]
[EventCountry "GRE"]
[SourceTitle "playchess.com"]
[Source "ChessBase"]
[SourceQuality "1"]
[TimeControl "40/5400+30:1800+30"]

1. d4 e6 2. c4 Nf6 3. g3 d5 4. Nf3 Be7 5. Bg2 O-O 6. O-O c6 7. Qc2 b6 8. b3 Nbd7 9. Nc3 Bb7 {[%emt 0:05:25] E08: Closed Catalan: Main Line: 7 Qc2} (9... Ba6 10. e4 dxc4 11. Rd1 cxb3 12. axb3 Bb7 {½-½ (12) Vallejo Pons,F (2711)-Anton Guijarro,D (2627) Madrid 2016}) 10. e4 Rc8 11. e5 Ne8 $1 12. cxd5 $146 ({Predecessor:} 12. h4 Nc7 13. Bg5 Re8 14. Bxe7 Qxe7 15. Ng5 Nf8 16. Rad1 Red8 17. Kh2 {1-0 (33) Tobisch,J (1914)-Colter,N (1754) Amersham 2012}) 12... cxd5 13. Bb2 Nc7 14. Qd2 Ba6 15. Rfc1 Nb8 16. Nd1 Qd7 17. Ne1 Nc6 18. Nc2 Bb7 19. f4 a5 20. Nde3 Ba6 21. Bh3 Nb4 22. Ne1 g6 23. a3 Nc6 24. Nf3 Rfd8 25. Ng4 Ne8 26. Ng5 Kg7 27. Nf3 h5 28. Ne3 Bf8 29. Kh1 Ne7 30. Rg1 Ng8 31. g4 hxg4 32. Rxg4 Nh6 33. Rg3 Be7 34. Rag1 Kh8 35. f5 exf5 36. Nc4 Kg7 37. Nxb6 Qb5 38. Nxc8 Rxc8 39. Bf1 Qb6 40. Bxa6 Qxa6 41. Rh3 Ng8 42. Nh4 Bxh4 43. Rxh4 Qb5 44. Rh3 a4 45. bxa4 Qxa4 46. Rc3 Rb8 47. Rgc1 Ne7 48. Rh3 Ng8 49. Qc2 Qb5 50. Bc3 Qd7 51. Bb4 f4 52. Rh4 f3 53. Rf4 Nh6 54. Rxf3 Qg4 55. Qf2 Rb7 56. Rf4 Qd7 57. Qd2 Nc7 58. Rf3 Ne6 59. Rg1 Rb8 60. Qf2 Qa7 61. Rd3 Qa6 $18 62. Qf6+ Kh7 63. Rh3 Rh8 64. Rxh6+ Kxh6 65. Qxh8# 1-0

[Event "WYCC 2018 G14"]
[Site "Halkidiki"]
[Date "2018.10.21"]
[Round "2"]
[White "Sim, Jia Ru"]
[Black "Zhou, Iris"]
[Result "1/2-1/2"]
[ECO "B50"]
[WhiteElo "1979"]
[BlackElo "1779"]
[Annotator "NA"]
[PlyCount "116"]
[EventDate "2018.10.20"]
[EventType "swiss"]
[EventCountry "GRE"]
[SourceTitle "playchess.com"]
[Source "ChessBase"]
[SourceQuality "1"]
[TimeControl "40/5400+30:1800+30"]

1. e4 c5 2. Nf3 d6 3. c3 Nf6 4. Be2 Nc6 5. d4 cxd4 6. cxd4 Nxe4 7. d5 Qa5+ 8. Nc3 Nxc3 9. bxc3 Ne5 10. O-O {[%emt 0:02:42] B50: Sicilian: 2...d6, Miscellaneous} Nxf3+ (10... e6 11. Nxe5 dxe5 12. Rb1 a6 13. Bf3 Bc5 14. d6 Ra7 15. Bg5 b5 16. Bc6+ Bd7 17. Qf3 f6 18. Bxf6 {1-0 (30) Antipov,M (2567)-Van Foreest,J (2541) Wijk aan Zee 2016}) 11. Bxf3 g6 12. Qd4 f6 13. Re1 Kf7 14. Bf4 Bg7 $146 ({Predecessor:} 14... Qc7 15. Re3 Bg7 16. Rae1 Re8 17. h4 Bd7 {½-½ (36) Nun,J (2415)-Jirovsky,P (2315) Czechia 1996}) 15. Qe3 Qc7 16. c4 Re8 17. Rac1 b6 18. h4 Qc5 19. Qb3 Bd7 20. h5 Rac8 21. Be3 Qc7 22. Qd3 Bf5 23. Qd4 Bd7 24. h6 Bh8 25. Qh4 Qb7 26. Re2 Qa6 27. Rec2 Ba4 28. Rc3 f5 29. Bd4 Bf6 30. Qf4 b5 31. Qe3 Be5 32. cxb5 Rxc3 33. Qxc3 Bxb5 34. Bxe5 dxe5 35. Qxe5 Qf6 36. Qe3 a6 37. Qb3 Qd6 38. a4 Bd7 39. Qc3 Qf6 40. Qc4 Qd6 41. Qd4 Qf6 42. Qxf6+ Kxf6 43. a5 Rc8 44. Rd1 Rc5 45. d6 Rxa5 46. dxe7 Kxe7 47. Bd5 Be6 48. Bxe6 Kxe6 49. Rd8 Rd5 50. Ra8 a5 51. Ra6+ Ke7 52. Ra7+ Rd7 53. Rxa5 Kf6 54. f4 Re7 55. Ra8 Re1+ 56. Kf2 Rh1 57. Ra6+ Kf7 58. Ra7+ Kg8 $11 1/2-1/2

[Event "WYCC 2018 G14"]
[Site "Halkidiki"]
[Date "2018.10.21"]
[Round "2"]
[White "Lehaci, Miruna-Daria"]
[Black "Nurgali, Nazerke"]
[Result "0-1"]
[ECO "B12"]
[WhiteElo "1933"]
[BlackElo "2263"]
[Annotator "NA"]
[PlyCount "112"]
[EventDate "2018.10.20"]
[EventType "swiss"]
[EventCountry "GRE"]
[SourceTitle "playchess.com"]
[Source "ChessBase"]
[SourceQuality "1"]
[TimeControl "40/5400+30:1800+30"]

1. e4 c6 2. d4 d5 3. e5 Bf5 4. Nf3 e6 5. Be2 Ne7 6. O-O Bg6 7. Nbd2 c5 {[%emt 0:02:43] B12: Caro-Kann: Advance Variation} 8. c4 Nec6 9. cxd5 Qxd5 10. Bc4 Qd8 11. dxc5 Nd7 12. Nb3 Nxc5 13. Nbd4 Nxd4 14. Nxd4 a6 15. Be3 $146 ({Predecessor:} 15. Bf4 Bh5 16. Qd2 {0-1 (46) Ruiz Sanchez,O (2426)-Cordova,E (2611) Cuernavaca 2015}) 15... Be7 16. a4 Qa5 17. Qe2 O-O 18. f4 Rfd8 19. f5 exf5 20. Nxf5 Qc7 21. Qg4 Ne6 $1 22. Rac1 Bc5 23. Bxe6 Bxe3+ 24. Nxe3 Qxe5 25. Bxf7+ Bxf7 26. Nf5 Bg6 27. Rce1 Qc5+ 28. Kh1 Re8 29. Rc1 Bxf5 30. Qxf5 Qxf5 31. Rxf5 Rac8 32. Rxc8 Rxc8 33. Kg1 Rc4 34. b3 Rb4 35. Rf3 g5 36. h3 Kg7 37. g4 Kg6 38. Kg2 h5 39. gxh5+ Kxh5 40. Kg3 Rd4 41. Rc3 Kg6 42. Rf3 b5 43. axb5 axb5 44. Rc3 b4 45. Rc6+ Kh5 46. Rf6 Rd3+ 47. Rf3 Rxf3+ 48. Kxf3 Kh4 49. Kg2 g4 50. hxg4 Kxg4 51. Kf2 Kf4 52. Ke2 {[%emt 0:00:03] [#]} Ke4 $1 53. Kd2 Kd4 54. Kc2 Ke3 55. Kb2 Kd2 56. Ka2 Kc2 0-1

[Event "WYCC 2018 G14"]
[Site "Halkidiki"]
[Date "2018.10.21"]
[Round "2"]
[White "Kuhar, Larisa"]
[Black "Kumar, Arya"]
[Result "1-0"]
[ECO "B18"]
[WhiteElo "1916"]
[BlackElo "1619"]
[Annotator "NA"]
[PlyCount "89"]
[EventDate "2018.10.20"]
[EventType "swiss"]
[EventCountry "GRE"]
[SourceTitle "playchess.com"]
[Source "ChessBase"]
[SourceQuality "1"]
[TimeControl "40/5400+30:1800+30"]

1. e4 c6 2. d4 d5 3. Nc3 dxe4 4. Nxe4 Bf5 5. Ng3 Bg6 6. Bc4 e6 7. N1e2 Nf6 8. Nf4 Bd6 9. c3 Qc7 {[%emt 0:00:06] B18: Classical Caro-Kann: 4...Bf5 sidelines} 10. Qf3 Nbd7 11. O-O O-O (11... c5 12. dxc5 Bxc5 13. Bb3 O-O-O 14. Nxg6 hxg6 15. Bf4 e5 16. Be3 e4 17. Qe2 Bxe3 18. Qxe3 Rxh2 19. Rfd1 Rdh8 20. Qxa7 e3 21. Qxe3 Ng4 {0-1 (21) Zherebukh,Y (2605)-Nakamura,H (2793) Saint Louis 2017 CBM 178 [Moradiabadi,E]}) 12. Nxg6 hxg6 13. Bb3 c5 14. Bg5 cxd4 15. cxd4 {[%emt 0:00:21] [#]} Qa5 $146 ({Predecessor:} 15... Rac8 16. Rad1 Nh7 17. Be3 {1-0 (41) Zivkovic,V (2419)-Zelcic,R (2569) Zagreb 2009}) 16. Bxf6 Nxf6 17. Qxb7 Qd2 18. Rfd1 Qxb2 19. Rac1 a5 20. Ne4 Nxe4 21. Qxe4 Rac8 $11 22. Rb1 Qc3 23. Rd3 Qc6 24. Qh4 Rfd8 25. Re1 Bb4 26. Ree3 a4 27. Rh3 f6 28. Bd1 Qc1 29. Qg4 Kf7 30. d5 exd5 31. Qxb4 Rc4 32. Qd2 Re8 33. Rhe3 d4 34. Qxc1 Rxc1 35. Rxe8 Kxe8 36. Rxd4 a3 37. g3 Ra1 38. Rd2 Rb1 39. Kg2 Rb2 40. Rxb2 axb2 41. Bc2 g5 42. Kf3 Kd7 43. Ke3 Kc6 44. Kd3 Kc5 45. Kc3 1-0

[Event "WYCC 2018 G14"]
[Site "Halkidiki"]
[Date "2018.10.21"]
[Round "2"]
[White "Baiburina, Kamilla"]
[Black "Song, Yuxin"]
[Result "0-1"]
[ECO "B50"]
[WhiteElo "1907"]
[BlackElo "2178"]
[Annotator "NA"]
[PlyCount "90"]
[EventDate "2018.10.20"]
[EventType "swiss"]
[EventCountry "GRE"]
[SourceTitle "playchess.com"]
[Source "ChessBase"]
[SourceQuality "1"]
[TimeControl "40/5400+30:1800+30"]

1. e4 c5 2. Nf3 d6 3. c3 Nf6 4. Be2 Bg4 5. O-O e6 6. Bb5+ Nbd7 7. Re1 a6 8. Bxd7+ Qxd7 9. d4 cxd4 10. cxd4 d5 11. e5 Ne4 12. a3 Be7 13. Nbd2 Ng5 14. Qb3 Nxf3+ 15. Nxf3 h6 16. Bd2 O-O 17. Rac1 Rfc8 18. h3 Bf5 19. Nh2 Rc6 20. Rxc6 bxc6 21. Rc1 Rc8 22. Qb6 Bd3 23. Qb3 Be2 24. Nf1 c5 25. Qc2 c4 26. Ne3 Bg5 27. Re1 Bd3 28. Qd1 Rb8 29. Bc3 Rb3 30. Nc2 Qb5 31. Nb4 Bg6 32. g3 a5 33. Nc2 Rxb2 34. Bxb2 Qxb2 35. Ne3 $19 Bd3 36. Qa1 Qb3 37. Qd1 Qxa3 38. Qa1 Qb4 39. h4 Bd8 40. Rc1 Bb6 41. Ng2 a4 42. Nf4 Be4 43. f3 Qd2 44. Rd1 Qe3+ 45. Kh2 Qf2+ 0-1

[Event "WYCC 2018 G14"]
[Site "Halkidiki"]
[Date "2018.10.21"]
[Round "2"]
[White "Lomaia, Diana"]
[Black "Saraci, Rinesa"]
[Result "0-1"]
[ECO "C50"]
[WhiteElo "1876"]
[BlackElo "1138"]
[Annotator "NA"]
[PlyCount "94"]
[EventDate "2018.10.20"]
[EventType "swiss"]
[EventCountry "GRE"]
[SourceTitle "playchess.com"]
[Source "ChessBase"]
[SourceQuality "1"]
[TimeControl "40/5400+30:1800+30"]

1. e4 e5 2. Nf3 Nc6 3. Bc4 Bc5 4. d3 Nf6 5. O-O h6 6. c3 O-O 7. Bb3 Bb6 8. Nbd2 d6 9. h3 Qe7 10. Re1 Be6 11. Bc2 Rfe8 12. Nf1 d5 13. Ng3 Rad8 14. Qe2 $11 d4 15. Bd2 Ba5 16. Ba4 dxc3 17. Bxc3 Bxc3 18. bxc3 Bd7 19. Rab1 b6 20. Nf5 Qc5 21. g4 Ne7 22. Bxd7 Rxd7 23. d4 exd4 24. cxd4 Qa3 25. Rb3 Qa5 26. Ne5 Nxf5 27. Nxd7 Nxd4 28. Nxf6+ gxf6 29. Qd1 Nxb3 30. axb3 Qb4 31. Qb1 c5 32. Re3 c4 33. Qd1 cxb3 34. Rxb3 Qxe4 35. Re3 Qc6 36. Rd3 Kg7 37. Qd2 Rc8 38. Kh2 Qc1 39. Qb4 Rc4 40. Qe7 Qf4+ 41. Kg1 Rc2 42. Qe3 Qxe3 43. Rxe3 Rb2 44. Kf1 a5 45. Ke1 a4 46. Re7 a3 47. Ra7 a2 0-1